 Dungeon Crawl Stone Soup version 0.19.0-2-gae57169 (webtiles) character file.

199 dvd the Stinger (level 5, 0/33 HPs)
             Began as an Octopode Venom Mage on Nov 5, 2016.
             Was an Initiate of Sif Muna.
             Slain by a centaur skeleton (1 damage)
             ... on level 4 of the Dungeon.
             The game lasted 00:10:22 (3703 turns).

dvd the Stinger (Octopode Venom Mage)               Turns: 3703, Time: 00:10:22

Health: 0/33       AC:  1    Str:  8    XL:     5   Next: 77%
Magic:  2/9        EV: 13    Int: 18    God:    Sif Muna [......]
Gold:   136        SH:  0    Dex: 12    Spells: 3 memorised, 2 levels left

rFire  . . .     SeeInvis .     a - +1 mace (crush)
rCold  . . .     Gourm    .     (no shield)
rNeg   + . .     Faith    .     (helmet restricted)
rPois  .         Spirit   .     (no amulet)
rElec  .         Reflect  .     k - ring of positive energy
rCorr  .         Harm     .     (no ring)
MR     .....                    (no ring)
Stlth  +++.......               (no ring)
                                (no ring)
                                (no ring)
                                (no ring)
                                (no ring)

@: flying
A: almost no armour, stealthy swim, amphibious, 8 rings, constrict 8, camouflage
1, gelatinous body 1
a: Renounce Religion


You were on level 4 of the Dungeon.
You worshipped Sif Muna.
Sif Muna was noncommittal.
You were hungry.

You visited 1 branch of the dungeon, and saw 4 of its levels.

You collected 136 gold pieces.

Inventory:

Hand Weapons
 a - a +1 mace of crushing (weapon)
 e - a +0 dagger
 p - a +0 vampiric short sword
Magical Staves
 u - an uncursed staff of poison
Jewellery
 k - a ring of positive energy (left tentacle)
Wands
 j - a wand of slowing (36/48)
Scrolls
 c - 2 scrolls of remove curse
 f - 3 scrolls of identify
 g - a scroll of magic mapping {unknown}
 l - a scroll of fog {unknown}
 m - a scroll of immolation {unknown}
 t - a scroll of blinking {unknown}
Potions
 h - a potion of flight
 q - a potion of degeneration {unknown}
 r - 2 potions of heal wounds {unknown}
 s - a potion of invisibility {unknown}
Books
 n - a Young Poisoner's Handbook

   Spells                             Type                      Level
   a - Sting                          Conjuration/Poison           1
   b - Mephitic Cloud                 Conjuration/Poison/Air       3
   c - Olgreb's Toxic Radiance        Poison                       4
   d - Alistair's Intoxication        Transmutation/Poison         5
   e - Venom Bolt                     Conjuration/Poison           5
Comestibles
 b - 3 bread rations
 d - 2 meat rations
 i - a beef jerky
 o - a slice of pizza


   Skills:
 + Level 1.0 Fighting
 - Level 0.4 Short Blades
 + Level 0.6 Maces & Flails
 + Level 2.2 Dodging
 + Level 3.5 Stealth
 + Level 3.1 Spellcasting
 + Level 2.0 Conjurations
 + Level 6.1 Poison Magic


You had 2 spell levels left.
You knew the following spells:

 Your Spells              Type           Power        Failure   Level  Hunger
a - Sting                 Conj/Pois      ###.         3%          1    None
b - Olgreb's Toxic Radia  Pois           ###.....     17%         4    ####...
c - Mephitic Cloud        Conj/Pois/Air  ##......     17%         3    ###....


Dungeon Overview and Level Annotations

Branches:
Dungeon (4/15)
 Temple: D:4-7

Altars:
Makhleb
Sif Muna

Annotations:
D:2 Sigmund
D:3 CcS's ghost, amateur FoFi


Innate Abilities, Weirdness & Mutations

You cannot wear most types of armour.
You are very stealthy in the water. (Stealth+)
You are amphibious.
You can wear up to eight rings at the same time.
You can use your tentacles to constrict eight enemies at once.
Your skin changes colour to match your surroundings (Stealth+).
Your rubbery body absorbs attacks. (AC +1, EV +1)


Message History

Confirm with . or Enter, or press ? or * to list all spells.
You begin to radiate toxic energy.
You kill the worker ant!
Sif Muna accepts your kill.
The centaur skeleton closely misses you.
Unknown command.
You hit the centaur skeleton.
The centaur skeleton is lightly damaged.
The centaur skeleton barely misses you. The centaur skeleton hits you.
You sock the centaur skeleton!
The centaur skeleton is heavily damaged.
Your toxic aura wanes.
The centaur skeleton hits you.
* * * LOW HITPOINT WARNING * * *
The centaur skeleton hits you.
* * * LOW HITPOINT WARNING * * *
It was a potion of flight.
You feel very buoyant.
You fly up into the air.
The centaur skeleton hits you.
You die...

.. #..... .# ..
#...... # ##.
.#....... .. #..
......... #.. ##..
##.......# ....##..#
#........# .[......##
#........#
.........##
#......... ...
#@Z†###.........
.....###.............
......#
##...#........
.......
#...###.......
.......##..## #......
........#.## ......
..........# #......
..........##
##..#....
...........###..# #..


You could see a centaur skeleton.

Vanquished Creatures
  2 orc wizards (D:3)
  A worker ant (D:4)
  3 gnolls (D:3)
  2 adders
  2 worms
  3 leopard geckos
  7 orcs
  9 bats
  6 goblins
  3 hobgoblins
  2 jackals (D:1)
  A ball python (D:2)
  5 frilled lizards
  10 kobolds
  5 rats
61 creatures vanquished.

Notes
Turn   | Place    | Note
-------+----------+-------------------------------------------
     0 | D:1      | dvd the Octopode Venom Mage began the quest for the Orb.
     0 | D:1      | Reached XP level 1. HP: 11/11 MP: 3/3
   279 | D:1      | Reached skill level 5 in Poison Magic
   527 | D:1      | Reached XP level 2. HP: 17/17 MP: 3/5
  1311 | D:1      | Reached XP level 3. HP: 6/21 MP: 1/6
  1647 | D:2      | Noticed Sigmund
  2650 | D:3      | Reached XP level 4. HP: 27/27 MP: 3/7
  2656 | D:3      | Learned a level 4 spell: Olgreb's Toxic Radiance
  2672 | D:3      | Reached skill level 1 in Conjurations
  2774 | D:3      | Found a deep blue altar of Sif Muna.
  2781 | D:3      | Found a burning altar of Makhleb.
  2783 | D:3      | Became a worshipper of Sif Muna the Loreminder
  2838 | D:3      | Reached XP level 5. HP: 32/32 MP: 0/9
  2993 | D:3      | Learned a level 3 spell: Mephitic Cloud
  3059 | D:3      | Noticed CcS's ghost (amateur FoFi)
  3099 | D:3      | Reached skill level 1 in Fighting
  3099 | D:3      | Reached skill level 6 in Poison Magic
  3702 | D:4      | HP: 1/33 [centaur skeleton (5)]
  3703 | D:4      | Slain by a centaur skeleton

Skill      XL: |  1  2  3  4  5 |
---------------+----------------+-----
Poison Magic   | 5 6 |  6.1
Stealth        | 3 |  3.5
Conjurations   | 1 2 |  2.0
Fighting       | 1 |  1.0
Spellcasting   | 3 |  3.1
Short Blades   | |  0.4
Maces & Flails | |  0.6
Dodging        | |  2.2

Action                   |  1- 3 |  4- 6 || total
-------------------------+-------+-------++-------
Melee: Dagger            |    43 |       ||    43
       Constrict         |    17 |     7 ||    24
       Unarmed           |     2 |       ||     2
       Tentacles         |     5 |     2 ||     7
       Mace              |     2 |    19 ||    21
 Cast: Sting             |    56 |    19 ||    75
       Olgreb's Toxic Ra |       |     8 ||     8
  Use: Scroll            |     2 |       ||     2
       Potion            |       |     1 ||     1
 Stab: Sleeping          |     2 |     2 ||     4
  Eat: Chunk             |     6 |     4 ||    10
Armor: Skin              |     5 |     2 ||     7
Dodge: Dodged            |    40 |    18 ||    58
